 Dungeon Crawl Stone Soup version 0.18-a0-971-g0af6217 (webtiles) character file.

5894 4thArraOfDagon the Cleaver (level 10, -5/81 HPs)
             Began as a Centaur Air Elementalist on Jan 2, 2016.
             Was a Priest of Yredelemnul.
             Slain by a hill giant
             ... wielding a +0 giant club
              (36 damage)
             ... on level 11 of the Dungeon.
             The game lasted 00:52:25 (7828 turns).

4thArraOfDagon the Cleaver (CeAE)                   Turns: 7828, Time: 00:52:25

Health: -5/81      AC: 13    Str: 11    XL:     10   Next: 53%
Magic:  8/14       EV:  9    Int: 17    God:    Yredelemnul [***...]
Gold:   297        SH:  0    Dex: 10    Spells: 4 memorised, 9 levels left

rFire  . . .     SeeInvis .     f - +3 battleaxe (freeze)
rCold  . . .     Gourm    .     m - +4 ring mail of Broken Taboos {rPois rN+}
rNeg   + . .     Faith    .     (shield currently unavailable)
rPois  +         Spirit   .     g - +2 helmet
rElec  .         Dismiss  .     (no cloak)
rCorr  .         Reflect  .     (no gloves)
SustAt +         Harm     .     (no barding)
MR     .....                    (no amulet)
Stlth  ..........               (no ring)
                                j - ring of sustain attributes

@: very slightly contaminated, repel missiles, very quick, not resistant to
hostile enchantments, extremely unstealthy
A: hooves 3, deformed body, speed 2, tough skin 3
a: Recall Undead Slaves, Injury Mirror, Animate Dead, Renounce Religion


You were on level 11 of the Dungeon.
You worshipped Yredelemnul.
Yredelemnul was most pleased with you.
You were not hungry.

You visited 2 branches of the dungeon, and saw 15 of its levels.
You also visited: Bailey and Ice Cave.

You collected 497 gold pieces.
You spent 200 gold pieces at shops.

Inventory:

Hand Weapons
 f - a +3 battleaxe of freezing (weapon)
 o - a +0 halberd
 t - a +0 broad axe
Missiles
 i - 10 curare-tipped needles
 z - a throwing net (quivered)
Armour
 g - a +2 helmet (worn)
 m - the +4 ring mail of Broken Taboos (worn) {rPois rN+}
   (You found it on level 4 of the Dungeon)

   It protects you from poison.
   It protects you from negative energy.
 n - the +2 leather armour "Wesusaca" {rPois rN+ Int+2 Dex-3}
   (You found it on level 5 of the Dungeon)

   It affects your intelligence (+2).
   It affects your dexterity (-3).
   It protects you from poison.
   It protects you from negative energy.
Jewellery
 j - a ring of sustain attributes (left hand)
Wands
 p - a wand of paralysis (0/24)
 y - a wand of enslavement (0/24)
Scrolls
 h - a scroll of enchant armour
 q - a scroll of noise
 r - 2 scrolls of remove curse
 s - 3 scrolls of identify
 A - a scroll of fog
Potions
 e - 2 potions of curing
 u - 2 potions of resistance
 v - 2 potions of cancellation
 C - a potion of cure mutation
Books
 b - a book of Air

   Spells                             Type                      Level
   a - Shock                          Conjuration/Air              1
   b - Swiftness                      Charms/Air                   2
   c - Repel Missiles                 Charms/Air                   2
   d - Static Discharge               Conjuration/Air              3
   e - Lightning Bolt                 Conjuration/Air              5
 d - Kikubaaqudgha's Guide on Sinister Arts
   (You found it on level 7 of the Dungeon)

   Spells                             Type                      Level
   a - Animate Skeleton               Necromancy                   1
 k - a book of Cantrips

   Spells                             Type                      Level
   a - Corona                         Hexes                        1
   b - Animate Skeleton               Necromancy                   1
   c - Summon Small Mammal            Summoning                    1
   d - Apportation                    Translocation                1
Comestibles
 c - 6 bread rations
 l - 3 meat rations


   Skills:
 + Level 5.4 Fighting
 * Level 9.2 Axes
 + Level 3.8 Armour
 + Level 4.5 Dodging
 - Level 1.2 Stealth
 - Level 3.1 Spellcasting
 - Level 2.6 Conjurations
 - Level 3.2 Air Magic
 + Level 6.0 Invocations


You had 9 spell levels left.
You knew the following spells:

 Your Spells              Type           Power        Failure   Level  Hunger
a - Shock                 Conj/Air       ##..         14%         1    None
b - Repel Missiles        Chrm/Air       #.....       34%         2    ##.....
c - Swiftness             Chrm/Air       #.......     34%         2    ##.....
d - Apportation           Tloc           #.........   43%         1    None


Dungeon Overview and Level Annotations

Branches:
Dungeon (15/15)            Temple (1/1) D:7            Lair (0/8) D:8
    Orc: D:9-12      Vaults: D:13-14     Depths: D:15

Altars:
Ashenzari
Cheibriados
Dithmenos
Elyvilon
Fedhas
Gozag
Kikubaaqudgha
Nemelex Xobeh
Okawaru
Pakellas
Sif Muna
Vehumet
Yredelemnul
The Shining One

Shops:
D:5 !   D:6 !   D:7 [

Annotations:
D:6 Menkaure
D:7 Joseph, Prince Ribbit
D:8 Erica


Innate Abilities, Weirdness & Mutations

You have hooves in place of feet.
Armour fits poorly on your strangely shaped body.
You cover ground very quickly.
You have extremely tough skin (AC +3).


Message History

Aiming: Shock
Press: ? - help, Shift-Dir - straight line, f/p - hill giant
Aim: a hill giant, wielding a giant club (moderately wounded)
You miscast Shock.
You feel a strange surge of energy!
Casting: Shock
Confirm with . or Enter, or press ? or * to list all spells.
Aiming: Shock
Press: ? - help, Shift-Dir - straight line, p - hill giant The zap hits the hill giant.
The hill giant is moderately wounded.
The zap hits the hill giant.
The hill giant is heavily wounded.
You slash the hill giant! You freeze the hill giant. You kick the hill giant.
The hill giant is severely wounded.
The hill giant hits you with a giant club!!
You slash the hill giant! You freeze the hill giant.
The hill giant is almost dead.
The hill giant hits you with a giant club!!!
You die...
Your body rises from the dead as a mindless zombie.

..# #.# #.# ### #.# ##.##
###.####### ##...##
#.........#####. #
#.....########.#.#...........
#
............##.#.......#####
# #.....##...[...C@..##..# #
##....##.##........##..# #
##..##.#.####>.........# #
#....##..# #.##.####.## #
#.#...#..# #.##.# #.# #.# #
#..#.##.... ..##.. ..# #.# #
##..[#.#########+## ### ...
##...# ##...## #.# ##.###
##.....#### ###.#


You could see a hill giant.

Vanquished Creatures
  A hill giant (D:12)
  An orc knight (Bailey)
  A deep elf mage (D:14)
  2 slime creatures (D:12)
  A hornet zombie (D:14)
  A yak (D:12)
  A hippogriff (D:9)
  10 orc warriors
  A phantom (D:11)
  A black bear (D:5)
  An ice beast (D:5)
  An ogre (D:8)
  5 centaurs
  A giant frog (D:13)
  A jelly (D:6)
  11 killer bees (D:12)
  2 wights (D:7)
  2 crimson imps
  3 hounds
  An orc priest (D:12)
  A giant frog skeleton (D:4)
  4 orc wizards
  A worker ant (D:4)
  A hound zombie (D:7)
  A hound skeleton (D:4)
  A worker ant zombie (D:6)
  7 gnolls
  8 adders
  2 shadow imps
  16 white imps
  4 ufetubi (IceCv)
  An adder skeleton (D:6)
  A worm (D:4)
  2 giant geckos
  35 orcs
  5 giant cockroaches
  18 goblins
  22 hobgoblins
  7 jackals
  2 kobolds
  A quokka (D:6)
  A ball python (D:2)
  4 bats
  3 giant newts
  2 rats (D:3)
198 creatures vanquished.

Vanquished Creatures (collateral kills)
  A hill giant (D:12)
  A kobold demonologist (D:12)
  2 orc warriors (Bailey)
  A jelly (D:11)
  A shadow imp (D:12)
  4 white imps (D:11)
  3 orcs (Bailey)
  3 goblins (Bailey)
  A hobgoblin (Bailey)
17 creatures vanquished.

Vanquished Creatures (others)
  A hippogriff (D:3)
  A wight (D:11)
  3 killer bee zombies (D:12)
  6 orc zombies
  An orc skeleton (Bailey)
  A white imp (IceCv)
  2 ufetubi (IceCv)
  2 jackals (D:8)
  A goblin skeleton (Bailey)
  A hobgoblin skeleton (Bailey)
  2 hobgoblin zombies (Bailey)
21 creatures vanquished.

Grand Total: 236 creatures vanquished

Notes
Turn   | Place    | Note
--------------------------------------------------------------
     0 | D:1      | 4thArraOfDagon the Centaur Air Elementalist began the quest for the Orb.
     0 | D:1      | Reached XP level 1. HP: 14/14 MP: 3/3
    23 | D:1      | Reached skill level 1 in Conjurations
   102 | D:2      | Reached XP level 2. HP: 7/20 MP: 0/4
   223 | D:3      | Learned a level 2 spell: Repel Missiles
   300 | D:3      | Found an oddly glowing altar of Pakellas.
   300 | D:3      | Noticed an orange crystal statue
   301 | D:3      | Noticed a hippogriff
   315 | D:3      | Killed a hippogriff
   340 | D:3      | Found a shadowy altar of Dithmenos.
   540 | D:4      | Got a bloodstained ring mail
   566 | D:5      | Entered Level 5 of the Dungeon
   567 | D:5      | Identified the +4 ring mail of Broken Taboos {rPois rN+} (You found it on level 4 of the Dungeon)
   622 | D:5      | Reached skill level 3 in Air Magic
   622 | D:5      | Reached XP level 3. HP: 2/26 MP: 0/5
   683 | D:6      | Noticed a sky beast
   741 | D:6      | Noticed Menkaure
   998 | D:7      | Found Birull's Armour Emporium.
  1128 | D:7      | Reached XP level 4. HP: 21/33 MP: 0/6
  1339 | D:7      | Found an ancient bone altar of Kikubaaqudgha.
  1341 | D:7      | Found a radiant altar of Vehumet.
  1341 | D:7      | Found a deep blue altar of Sif Muna.
  1342 | D:7      | uhh
  1346 | D:7      | Identified Kikubaaqudgha's Guide on Sinister Arts (You found it on level 7 of the Dungeon)
  1359 | D:7      | Identified Sif Muna's Collected Works on Talismans
  1369 | D:7      | Identified Vehumet's Tome of Blows and Bruises
  1583 | D:7      | Noticed Joseph
  1722 | D:5      | Noticed a centaur
  1749 | D:5      | Killed a centaur
  1749 | D:5      | Reached skill level 1 in Axes
  1749 | D:5      | Reached XP level 5. HP: 25/38 MP: 9/9
  1885 | D:5      | Noticed an ice beast
  1924 | D:5      | Killed an ice beast
  1924 | D:5      | Reached XP level 6. HP: 27/45 MP: 1/10
  2038 | D:4      | Found an iron altar of Okawaru.
  2038 | D:4      | Found a glowing golden altar of the Shining One.
  2039 | D:4      | Found a white marble altar of Elyvilon.
  2063 | D:4      | Found a blossoming altar of Fedhas.
  2065 | D:4      | Found an opulent altar of Gozag.
  2227 | D:5      | Got a fine leather armour
  2242 | D:5      | Found Odankywo's Distillery.
  2302 | D:5      | Noticed an ice beast
  2321 | D:5      | Bought 2 potions of might for 112 gold pieces
  2412 | D:7      | Reached skill level 4 in Axes
  2452 | D:7      | Learned a level 2 spell: Swiftness
  2454 | D:7      | Learned a level 1 spell: Apportation
  2512 | D:7      | Noticed a sky beast
  2544 | D:7      | Noticed a hippogriff
  2633 | D:7      | Noticed a sky beast
  2716 | D:7      | Noticed Prince Ribbit
  3088 | D:6      | Noticed an orc warrior
  3130 | D:7      | Reached XP level 7. HP: 47/50 MP: 6/11
  3244 | D:7      | HMMM
  3244 | D:7      | 4thArraOfDagon: hi
  3329 | D:7      | Found a staircase to the Ecumenical Temple.
  3335 | Temple   | Entered the Ecumenical Temple
  3352 | Temple   | Became a worshipper of Yredelemnul the Dark
  3450 | D:6      | Reached skill level 5 in Axes
  3544 | D:6      | Reached skill level 1 in Fighting
  3837 | D:6      | Found Qunyut's Distillery.
  3846 | D:6      | Bought a potion of might for 44 gold pieces
  3846 | D:6      | Bought a potion of curing for 33 gold pieces
  3846 | D:6      | Bought a potion of poison for 11 gold pieces
  4471 | D:4      | Reached * piety under Yredelemnul
  4471 | D:4      | Reached skill level 1 in Armour
  4487 | D:4      | Reached skill level 6 in Axes
  4519 | D:4      | Reached XP level 8. HP: 50/60 MP: 12/12
  4527 | D:5      | Reached skill level 1 in Invocations
  4669 | D:8      | Noticed Erica
  4671 | D:8      | Found a staircase to the Lair.
  4701 | D:8      | Found a flagged portal.
  4710 | Bailey   | Entered a bailey
  5165 | Bailey   | Reached ** piety under Yredelemnul
  5381 | Bailey   | Reached skill level 7 in Axes
  5556 | Bailey   | Reached XP level 9. HP: 65/70 MP: 13/13
  5776 | Bailey   | Noticed an orc knight
  5815 | Bailey   | Killed an orc knight
  5884 | Bailey   | Noticed an orc knight
  5889 | Bailey   | Kolbur: can't you rush in, grab the potions and leave?
  5889 | Bailey   | 4thArraOfDagon: yea
  5889 | Bailey   | 4thArraOfDagon: i have to clear enemies that i can kill
  5960 | Bailey   | Noticed an orc warlord
  6085 | Bailey   | Kolbur: lol
  6169 | D:8      | Found a snail-covered altar of Cheibriados.
  6170 | D:8      | Found a shattered altar of Ashenzari.
  6200 | D:8      | Kolbur: they should be safe to quaff, no? xp potion or/and benemut
  6231 | D:9      | 4thArraOfDagon: yep
  6242 | D:9      | 4thArraOfDagon: wasted!
  6275 | D:9      | Kolbur: hm, strange, sorry ^^
  6317 | D:9      | Identified the +2 leather armour "Wesusaca" {rPois rN+ Int+2 Dex-3} (You found it on level 5 of the Dungeon)
  6360 | D:9      | You fall through a shaft for 3 floors!
  6361 | D:12     | wow
  6450 | D:12     | You fall through a shaft for 2 floors!
  6450 | D:14     | Noticed a death knight
  6451 | D:14     | 4thArraOfDagon: two consecutive shafts
  6461 | D:14     | Kolbur: sheesh
  6465 | D:15     | Entered Level 15 of the Dungeon
  6466 | D:15     | 4thArraOfDagon: i dont know how people streak those days
  6466 | D:15     | Noticed a komodo dragon
  6473 | D:15     | Kolbur: maybe you should try your luck in depths? lol
  6474 | D:15     | Noticed a cyclops
  6507 | D:14     | 4thArraOfDagon: for more shafts? no thank you
  6522 | D:14     | Noticed a deep elf mage
  6535 | D:14     | Noticed a smoke demon
  6570 | D:14     | Noticed a white ugly thing
  6570 | D:14     | Noticed a white ugly thing
  6570 | D:14     | Noticed a white ugly thing
  6570 | D:14     | Noticed a gargoyle
  6602 | D:14     | Killed a deep elf mage
  6602 | D:14     | Reached skill level 8 in Axes
  6678 | D:12     | 4thArraOfDagon: almost back to d:10
  6678 | D:12     | 4thArraOfDagon: d:9
  6703 | D:12     | Reached skill level 5 in Invocations
  6716 | D:12     | Reached *** piety under Yredelemnul
  6722 | D:12     | Noticed a hill giant
  6723 | D:12     | Kolbur: at least it's exciting!
  6739 | D:12     | Killed a hill giant
  6739 | D:12     | Reached XP level 10. HP: 28/80 MP: 9/14
  6959 | D:12     | more death
  6960 | D:12     | Noticed a hill giant
  6972 | D:12     | Killed a hill giant
  6972 | D:12     | Reached skill level 5 in Fighting
  6974 | D:12     | Received a gift from Yredelemnul
  6979 | D:12     | Reached skill level 9 in Axes
  6982 | D:12     | Kolbur: hm, have you tried injury mirror?
  7025 | D:12     | Kolbur: i could imagine it works nicely vs stuff like killer bees
  7025 | D:12     | 4thArraOfDagon: yea
  7025 | D:12     | 4thArraOfDagon: but it consumes alot piety
  7401 | D:11     | Found a frozen archway.
  7464 | IceCv    | Entered an ice cave
  7666 | IceCv    | Noticed an ice statue
  7666 | IceCv    | Noticed an ice statue
  7734 | D:11     | Noticed a hill giant
  7828 | D:11     | Slain by a hill giant

Vault maps used:
D:1:      dpeg_arrival_orchard
D:3:      gammafunk_pakellas_statue_experiment, nicolae_dithmenos_shadow_blocks,
          first_bread
D:4:      gammafunk_temple_overflow_claw, grunt_temple_overflow_open
D:5:      serial_shops, nicolae_shop_waterfront
D:6:      serial_shops, shop, uniq_menkaure
D:7:      grunt_temple_overflow_magic_moments,
          minmay_temple_entry_enclosed_plants, serial_shops,
          kennysheep_little_box, uniq_joseph, uniq_prince_ribbit1
D:8:      gammafunk_temple_overflow_pools, dpeg_oklobed_lair, enter_ossuary_5,
          enter_bailey_2, uniq_pikel, uniq_maurice, uniq_erica
D:11:     portal_ice_cave_entry_imps, basic_altar
D:12:     david_orc_1_choice
D:13:     grunt_pizzeria, nemelex_altar_shiori
D:14:     grunt_vaults_entry_tiered, hangedman_abyss_or_decor_clamps
D:15:     grunt_enter_depths_hoard, special_room, moated_statue,
          lemuel_centaur_altar
Temple:   minmay_temple_curvy_8
Bailey:   bailey_axe_minmay_hex_keep, bailey
IceCv:    ice_cave_small_demon

Action                   |  1- 3 |  4- 6 |  7- 9 | 10-12 || total
-------------------------+-------+-------+-------+-------++-------
Melee: Club              |    35 |       |       |       ||    35
       Falchion          |     3 |       |       |       ||     3
       Quarterstaff      |     8 |     4 |       |       ||    12
       Battleaxe         |       |    64 |   404 |    83 ||   551
Throw: Throwing net      |       |     1 |     8 |       ||     9
 Cast: Shock             |    22 |    36 |    11 |    14 ||    83
       Repel Missiles    |     1 |     1 |     2 |       ||     4
Invok: Animate Remains   |       |       |    10 |       ||    10
       Animate Dead      |       |       |     1 |     2 ||     3
       Recall Undead Sla |       |       |       |     3 ||     3
Evoke: Wand              |       |     2 |    18 |       ||    20
  Use: Scroll            |     6 |     4 |     8 |       ||    18
       Potion            |     1 |       |    12 |     3 ||    16
 Stab: Paralysed         |       |     5 |    25 |       ||    30
       Distracted        |       |       |     1 |       ||     1
  Eat: Fruit             |     1 |     1 |       |       ||     2
       Chunk             |       |     3 |    14 |     1 ||    18
       Beef jerky        |       |       |     1 |     1 ||     2
       Bread ration      |       |       |       |     1 ||     1
